 Dungeon Crawl Stone Soup version 0.31-a0-216-g22e908daa7 (webtiles) character file.

Game seed: 5714412547703615322

13722 qw the Cleaver (level 12, -7/77 HPs)
             Began as a Gargoyle Fighter on July 2, 2023.
             Was a Priest of Okawaru.
             Mangled by a tentacled starspawn (14 damage)
             ... on level 1 of the Abyss.
             The game lasted 00:05:28 (8750 turns).

qw the Cleaver (Gargoyle Fighter)                   Turns: 8750, Time: 00:05:28

Health: -7/77      AC: 30    Str: 26    XL:     12   Next: 9%
Magic:  15/15      EV: 14    Int:  8    God:    Okawaru [***...]
Gold:   385        SH:  6    Dex:  7    Spells: 11/11 levels left

rFire   . . .        Y - +1 war axe
rCold   . . .        c - +0 buckler
rNeg    + . .        i - +2 plate armour
rPois   inf          (no helmet)
rElec   +            (no cloak)
rCorr   .            (no gloves)
SInv    .            (no boots)
Will    .....        (no amulet) Stlth
                     f - +4 ring of protection
HPRegen 0.32/turn    j - +5 ring of evasion
MPRegen 0.14/turn

%: no passive effects
@: about to teleport, heroic
A: sickness immunity, AC +8, negative energy resistance 1, electricity
resistance, torment resistance 1, petrification resistance, clumsy 1, no potion
heal 1
a: Renounce Religion, Heroism


You were on level 1 of the Abyss.
You worshipped Okawaru.
Okawaru was most pleased with you.
You visited 1 branch of the dungeon, and saw 10 of its levels.
You visited the Abyss 1 time.

You collected 682 gold pieces.
You spent 297 gold pieces at shops.


Innate Abilities, Weirdness & Mutations

You are immune to sickness and miasma.
Your stone body is resilient. (AC +8)
You are immune to poison.
You resist negative energy. (rN+)
You are resistant to electric shocks. (rElec)
You are resistant to unholy torment.
You are immune to petrification.
You are clumsy. (Dex -2)
Potions are less effective at restoring your health.


   Skills:
 - Level 10.0(15.0) Fighting
 + Level 12.5(17.5) Axes
 - Level 3.9(8.9) Throwing
 - Level 7.8(12.8) Armour
 - Level 2.5(7.5) Dodging
 - Level 6.2(11.2) Shields
 - Level 4.3 Invocations


You had 11 spell levels left.
You didn't know any spells.
Your spell library was empty.

Inventory:

Hand Weapons
 k - a +4 morningstar
 Y - a +1 war axe (weapon)
Missiles
 q - 5 boomerangs
 u - a silver boomerang (quivered)
Armour
 c - a +0 buckler (worn)
 i - a +2 plate armour (worn)
 n - a +0 pair of boots
 o - a +0 cloak
 p - +0 fire dragon scales
 v - a +0 chain mail of fire resistance
Jewellery
 a - an amulet of faith
 f - a +4 ring of protection (left hand)
 g - a ring of ice
 j - a +5 ring of evasion (right hand)
 s - an amulet of guardian spirit
Scrolls
 e - 2 scrolls of teleportation
 m - 9 scrolls of identify
Potions
 b - a potion of haste
 d - 3 potions of might
 h - a potion of curing
 l - 2 potions of lignification
 r - a potion of attraction
 t - a potion of magic

Dungeon Overview and Level Annotations

Branches:
Dungeon (10/15)            Temple (0/1) D:7
   Lair: D:8-11         Orc: D:9-12

Altars:
Cheibriados
Dithmenos
Elyvilon
Fedhas
Hepliaklqana
Kikubaaqudgha
Makhleb
Okawaru
Ru
Trog
Uskayaw
Xom

Shops:
D:4 [   D:5 *

Annotations:
D:7 1 runed translucent door, Crazy Yiuf
D:8 3 runed translucent doors, qw's ghost, novice GrHu
D:10 Psyche


Message History

A small abomination comes into view.
Tentacles burst from the starspawn's body! 2 starspawn tentacles come into view.
You closely miss the purple draconian shifter.
The purple draconian shifter is severely wounded.
The purple draconian shifter casts a spell at you.
You barely resist. You hit the purple draconian shifter.
The purple draconian shifter is severely wounded.
You barely miss the purple draconian shifter.
The purple draconian shifter is severely wounded.
You closely miss the small abomination.
You block the purple draconian shifter's attack.
You slash the purple draconian shifter!
The purple draconian shifter is severely wounded.
You completely miss the small abomination.
You block the small abomination's attack.
The purple draconian shifter casts a spell.
The purple draconian shifter blinks!
A chaos spawn comes into view.
The chaos spawn buzzes angrily.
You slash the small abomination!
The small abomination is moderately damaged.
The purple draconian shifter casts a spell at you.
The tentacled starspawn blinks!
The chaos spawn blinks!
You hit the small abomination but do no damage.
The small abomination is moderately damaged.
You hit the chaos spawn. You slash the tentacled starspawn!
The tentacled starspawn misses you.
The tentacled starspawn barely misses you.
The small abomination closely misses you.
You closely miss the small abomination.
The small abomination is moderately damaged.
You hit the tentacled starspawn but do no damage.
You hit the chaos spawn.
The purple draconian shifter gestures wildly while chanting.
The purple draconian shifter blinks!
You block the chaos spawn's attack.
The tentacled starspawn bites you but does no damage.
The tentacled starspawn tentacle-slaps you!
You die...

# . ## .
# # # ..#
. . #
#...# #.
.#.. #.
..###
.##.. #
###x###.#
V
#%.@4...#
. .
##X######
. # #
##..#. .
.¤(#.. ..
#¤.# . #
. #... ..
# # #
#### # #
#


You could see a tentacled starspawn, a chaos spawn and a small abomination.

Vanquished Creatures
  A tentacled starspawn (Abyss:1)
  3 two-headed ogres
  2 gargoyles (D:10)
  A komodo dragon (D:10)
  A troll (D:10)
  3 raiju (Abyss:1)
  Prince Ribbit (D:9)
  A blink frog (shapeshifter) (D:10)
  A slime creature (D:10)
  Sigmund (D:2)
  3 flying skulls (Abyss:1)
  10 yaks
  A shadow (D:10)
  A large abomination (Abyss:1)
  A wraith (D:10)
  A vampire (Abyss:1)
  2 wyverns
  2 steam dragons
  A basilisk (D:10)
  2 neqoxecs (Abyss:1)
  A sky beast (D:6)
  2 ice beasts (D:7)
  5 orc warriors
  A black bear (D:4)
  3 ogres
  4 centaurs
  4 phantoms
  4 kobold brigands
  3 bullfrogs
  3 gnoll sergeants
  A scorpion (D:6)
  14 wights
  2 small abominations (Abyss:1)
  22 killer bees
  3 howler monkeys
  2 hounds
  2 orc priests
  6 jellies
  A gnoll bouda (D:9)
  An iron imp (Abyss:1)
  3 sleepcaps
  5 orc wizards
  10 gnolls
  11 adders
  A shadow imp (D:6)
  A white imp (Abyss:1)
  3 ufetubi
  A worm (D:2)
  3 dart slugs
  22 orcs
  8 ball pythons
  6 endoplasms
  4 giant cockroaches
  7 goblins
  9 hobgoblins
  12 jackals
  3 quokkas
  4 bats
  A frilled lizard (D:1)
  14 kobolds
  3 rats
  A starspawn tentacle (Abyss:1)
255 creatures vanquished.

Vanquished Creatures (others)
  A harpy simulacrum (Abyss:1)
  4 starspawn tentacles (Abyss:1)
5 creatures vanquished.

Grand Total: 260 creatures vanquished

Notes
Turn   | Place    | Note
-------+----------+-------------------------------------------
     0 | D:1      | qw the Gargoyle Fighter began the quest for the Orb.
     0 | D:1      | Reached XP level 1. HP: 14/14 MP: 1/1
     0 | D:1      | 0 ||| qw: Version: 0.3-a-35-g05ef00e
     0 | D:1      | 0 ||| qw: Game counter: 7852
     0 | D:1      | 0 ||| qw: Melee chars always use a shield: true
     0 | D:1      | 0 ||| qw: God list: Okawaru
     0 | D:1      | 0 ||| qw: Allow faded altars: false
     0 | D:1      | 0 ||| qw: Do Orc after clearing Dungeon:15 true
     0 | D:1      | 0 ||| qw: Do second Lair branch before Depths: true
     0 | D:1      | 0 ||| qw: Lair rune preference: random
     0 | D:1      | 0 ||| qw: Goals: Normal, Zot:1-4, Slime:5, God:TSO, Crypt,
                  | Tomb, Abyss, Pan, Hells, Win
     0 | D:1      | 0 ||| PLANNING D:1-11
    29 | D:1      | Reached skill level 2 in Axes
    30 | D:1      | 30 ||| Stepping ~*~*~tactically~*~*~ (stealth).
    32 | D:1      | 32 ||| Stepping ~*~*~tactically~*~*~ (stealth).
    39 | D:1      | Reached XP level 2. HP: 17/19 MP: 2/2
    54 | D:1      | 54 ||| FLEEEEING.
    55 | D:1      | 55 ||| FLEEEEING.
    57 | D:1      | 57 ||| FLEEEEING.
    58 | D:1      | 58 ||| FLEEEEING.
    59 | D:1      | 59 ||| FLEEEEING.
    60 | D:1      | 60 ||| FLEEEEING.
    61 | D:1      | 61 ||| FLEEEEING.
    62 | D:1      | 62 ||| FLEEEEING.
    65 | D:1      | 65 ||| FLEEEEING.
    73 | D:1      | Reached skill level 3 in Axes
    73 | D:1      | Reached XP level 3. HP: 19/23 MP: 3/3
   490 | D:1      | 490 ||| UPGRADING to +4 ring of protection.
   491 | D:1      | 491 ||| UPGRADING to +5 ring of evasion.
   492 | D:1      | 492 ||| READING scroll labelled FEIKKIUTZA.
   493 | D:1      | 493 ||| READING scroll labelled AJIELIA ZUON.
   494 | D:1      | 494 ||| READING scroll labelled XYOKEKE QUAGRAIS.
   720 | D:2      | Reached XP level 4. HP: 27/28 MP: 4/4
   775 | D:2      | Noticed Sigmund
   784 | D:2      | Killed Sigmund
   785 | D:2      | Reached skill level 5 in Axes
   785 | D:2      | Reached XP level 5. HP: 26/32 MP: 5/5
  1112 | D:2      | Reached XP level 6. HP: 36/37 MP: 6/6
  1486 | D:2      | 1486 ||| READING scroll labelled DOATODEOBU.
  1675 | D:3      | 1675 ||| Stepping ~*~*~tactically~*~*~ (hiding).
  1760 | D:3      | Identified the +1 chain mail of Leaves {Will+ Int+5}
  1770 | D:3      | 1770 ||| Stepping ~*~*~tactically~*~*~ (stealth).
  1772 | D:3      | 1772 ||| Stepping ~*~*~tactically~*~*~ (stealth).
  1775 | D:3      | 1775 ||| Stepping ~*~*~tactically~*~*~ (stealth).
  1793 | D:3      | Found a faded altar of an unknown god.
  1870 | D:3      | Found a white marble altar of Elyvilon.
  1870 | D:3      | Found a snail-covered altar of Cheibriados.
  2353 | D:3      | 2353 ||| UPGRADING to +0 fire dragon scales.
  2363 | D:3      | 2363 ||| DROPPING +0 scale mail.
  2364 | D:3      | 2364 ||| UPGRADING to +1 chain mail of Leaves {Will+
                  | Int+5}.
  2374 | D:3      | 2374 ||| READING 2 scrolls labelled JEET VO JYU.
  2375 | D:3      | 2375 ||| READING scroll labelled NIXTAD FESASUHIMU.
  2376 | D:3      | 2376 ||| DRINKING 2 lumpy inky potions.
  2683 | D:4      | Noticed a black bear
  2687 | D:4      | 2687 ||| Stepping ~*~*~tactically~*~*~ (hiding).
  2688 | D:4      | 2688 ||| Stepping ~*~*~tactically~*~*~ (hiding).
  2696 | D:4      | Killed a black bear
  2697 | D:4      | Reached XP level 7. HP: 44/44 MP: 7/7
  2792 | D:4      | 2792 ||| Stepping ~*~*~tactically~*~*~ (stealth).
  2796 | D:4      | Reached skill level 6 in Axes
  2801 | D:4      | Found a hide-covered altar of Uskayaw.
  2815 | D:4      | Found a shimmering altar of Xom.
  2831 | D:4      | Found Rujyuxoc's Antique Armour Emporium.
  2841 | D:4      | 2841 ||| BUYING cloak (117 gold).
  2841 | D:4      | Bought a cloak for 117 gold pieces
  2841 | D:4      | 2841 ||| SHOPLISTING glowing orb (312 gold, have 103).
  2841 | D:4      | 2841 ||| SHOPLISTING runed chain mail (195 gold, have 103).
  2886 | D:4      | Found a bloodstained altar of Trog.
  2900 | D:4      | Reached skill level 1 in Dodging
  2971 | D:4      | Found a blossoming altar of Fedhas.
  3239 | D:4      | 3239 ||| DROPPING ring of see invisible.
  3250 | D:5      | Entered Level 5 of the Dungeon
  3269 | D:5      | 3269 ||| Stepping ~*~*~tactically~*~*~ (hiding).
  3270 | D:5      | 3270 ||| Stepping ~*~*~tactically~*~*~ (hiding).
  3282 | D:5      | Reached skill level 7 in Axes
  3542 | D:5      | Reached XP level 8. HP: 45/49 MP: 8/8
  3556 | D:5      | 3556 ||| Stepping ~*~*~tactically~*~*~ (stealth).
  3560 | D:5      | 3560 ||| Stepping ~*~*~tactically~*~*~ (stealth).
  3562 | D:5      | 3562 ||| Stepping ~*~*~tactically~*~*~ (stealth).
  3563 | D:5      | 3563 ||| Stepping ~*~*~tactically~*~*~ (stealth).
  3574 | D:5      | HP: 12/49 [sleepcap (7)]
  3739 | D:5      | Found Alunyrr's General Store.
  3784 | D:5      | 3784 ||| SHOPLISTING +2 pair of gloves of dexterity (258
                  | gold, have 187).
  3784 | D:5      | 3784 ||| BUYING potion of magic (96 gold).
  3784 | D:5      | Bought a potion of magic for 96 gold pieces
  3784 | D:5      | 3784 ||| SHOPLISTING potion of mutation (96 gold, have 91).
  3784 | D:5      | 3784 ||| BUYING scroll of identify (24 gold).
  3784 | D:5      | Bought a scroll of identify for 24 gold pieces
  3784 | D:5      | 3784 ||| BUYING scroll of identify (24 gold).
  3784 | D:5      | Bought a scroll of identify for 24 gold pieces
  3784 | D:5      | 3784 ||| BUYING scroll of teleportation (36 gold).
  3784 | D:5      | Bought a scroll of teleportation for 36 gold pieces
  3843 | D:5      | Found an iron altar of Okawaru.
  3844 | D:5      | 3844 ||| PLANNING OKAWARU WORSHIP
  3864 | D:5      | Reached skill level 8 in Axes
  3864 | D:5      | 3864 ||| READING scroll labelled SAVAMI BUENO.
  3865 | D:5      | 3865 ||| DRINKING 3 gluggy clear potions.
  3866 | D:5      | 3866 ||| DRINKING 2 ruby potions.
  3918 | D:5      | 3918 ||| READING 7 scrolls of identify.
  3918 | D:5      | 3918 ||| IDENTIFYING silvery potion
  3919 | D:5      | 3919 ||| READING 6 scrolls of identify.
  3919 | D:5      | 3919 ||| IDENTIFYING fizzy coppery potion
  3920 | D:5      | 3920 ||| READING 5 scrolls of identify.
  3920 | D:5      | 3920 ||| IDENTIFYING lumpy black potion
  3921 | D:5      | 3921 ||| DROPPING potion of degeneration.
  3922 | D:5      | 3922 ||| DROPPING potion of brilliance.
  3930 | D:5      | Became a worshipper of Warmaster Okawaru
  3931 | D:5      | 3931 ||| PLANNING D:1-11
  4104 | D:5      | 4104 ||| READING 3 scrolls labelled KAD DUGEATU.
  4105 | D:5      | 4105 ||| DROPPING 2 scrolls of amnesia.
  4277 | D:6      | Reached skill level 6 in Fighting
  4639 | D:6      | 4639 ||| UPGRADING to +0 plate armour.
  4649 | D:6      | 4649 ||| DROPPING +1 chain mail of Leaves {Will+ Int+5}.
  4650 | D:6      | 4650 ||| DROPPING orb of wrath.
  4651 | D:6      | 4651 ||| READING 2 scrolls of enchant armour.
  4651 | D:6      | 4651 ||| ENCHANTING +0 plate armour.
  4652 | D:6      | 4652 ||| READING scroll of enchant armour.
  4652 | D:6      | 4652 ||| ENCHANTING +1 plate armour.
  4653 | D:6      | 4653 ||| READING 2 scrolls labelled VOALIEGH TASU.
  4654 | D:6      | 4654 ||| READING 4 scrolls of identify.
  4654 | D:6      | 4654 ||| IDENTIFYING metallic amethyst potion
  4655 | D:6      | 4655 ||| DROPPING scroll of blinking.
  4656 | D:6      | 4656 ||| DROPPING potion of berserk rage.
  4691 | D:7      | Reached skill level 9 in Axes
  4695 | D:7      | Reached XP level 9. HP: 50/55 MP: 9/9
  4699 | D:7      | Reached * piety under Okawaru
  4785 | D:7      | 4785 ||| INVOKING Heroism.
  4816 | D:7      | 4816 ||| INVOKING Heroism.
  4848 | D:7      | 4848 ||| FLEEEEING.
  4849 | D:7      | 4849 ||| FLEEEEING.
  4859 | D:7      | 4859 ||| STAIRDANCE
  4968 | D:7      | Found a shadowy altar of Dithmenos.
  5040 | D:7      | Found a runed translucent door.
  5041 | D:7      | Noticed Crazy Yiuf
  5083 | D:7      | 5083 ||| INVOKING Heroism.
  5090 | D:7      | Reached skill level 1 in Invocations
  5099 | D:7      | 5099 ||| INVOKING Heroism.
  5101 | D:7      | Reached skill level 3 in Invocations
  5190 | D:7      | Found a staircase to the Ecumenical Temple.
  5378 | D:7      | 5378 ||| INVOKING Heroism.
  5489 | D:7      | Found a burning altar of Makhleb.
  5513 | D:7      | 5513 ||| INVOKING Heroism.
  5514 | D:7      | 5514 ||| Stepping ~*~*~tactically~*~*~ (cloud).
  5601 | D:7      | 5601 ||| READING 4 scrolls of identify.
  5601 | D:7      | 5601 ||| IDENTIFYING bubbling sapphire potion
  5635 | D:8      | 5635 ||| INVOKING Heroism.
  5646 | D:8      | Reached skill level 10 in Axes
  5650 | D:8      | Reached XP level 10. HP: 55/63 MP: 11/13
  5693 | D:8      | 5693 ||| INVOKING Heroism.
  5704 | D:8      | 5704 ||| Stepping ~*~*~tactically~*~*~ (cloud).
  5731 | D:8      | 5731 ||| Stepping ~*~*~tactically~*~*~ (hiding).
  5732 | D:8      | 5732 ||| Stepping ~*~*~tactically~*~*~ (hiding).
  5744 | D:8      | 5744 ||| INVOKING Heroism.
  5826 | D:8      | Found a runed translucent gate.
  5827 | D:8      | Found a runed translucent gate.
  5827 | D:8      | Found a runed translucent gate.
  5831 | D:8      | Noticed qw's ghost (novice GrHu)
  5974 | D:8      | 5974 ||| INVOKING Heroism.
  5979 | D:8      | Reached skill level 1 in Throwing
  6053 | D:8      | Reached skill level 6 in Armour
  6086 | D:8      | 6086 ||| DRINKING 3 potions of curing.
  6086 | D:8      | 6086 ||| (to cure confusion)
  6090 | D:8      | 6090 ||| DRINKING 2 potions of curing.
  6090 | D:8      | 6090 ||| (to cure confusion)
  6163 | D:8      | 6163 ||| READING scroll labelled TIS QY DIDY.
  6164 | D:8      | 6164 ||| READING scroll labelled BUEXZU OREBBE.
  6165 | D:8      | 6165 ||| READING 3 scrolls of identify.
  6165 | D:8      | 6165 ||| IDENTIFYING puce potion
  6166 | D:8      | 6166 ||| DROPPING potion of invisibility.
  6196 | D:9      | 6196 ||| Stepping ~*~*~tactically~*~*~ (stealth).
  6211 | D:9      | 6211 ||| Stepping ~*~*~tactically~*~*~ (hiding).
  6214 | D:9      | 6214 ||| Stepping ~*~*~tactically~*~*~ (hiding).
  6215 | D:9      | 6215 ||| Stepping ~*~*~tactically~*~*~ (hiding).
  6218 | D:9      | 6218 ||| DRINKING potion of curing.
  6218 | D:9      | 6218 ||| (to cure confusion)
  6273 | D:9      | Noticed Prince Ribbit
  6274 | D:9      | 6274 ||| INVOKING Heroism.
  6283 | D:9      | Killed Prince Ribbit
  6360 | D:9      | Found a hazy altar of Hepliaklqana.
  6458 | D:9      | Reached ** piety under Okawaru
  6507 | D:9      | 6507 ||| Stepping ~*~*~tactically~*~*~ (stealth).
  6731 | D:9      | Found an ancient bone altar of Kikubaaqudgha.
  6731 | D:9      | Found a sacrificial altar of Ru.
  6760 | D:9      | Noticed a two-headed ogre
  6761 | D:9      | 6761 ||| INVOKING Heroism.
  6766 | D:9      | Killed a two-headed ogre
  6767 | D:9      | Reached skill level 11 in Axes
  7041 | D:9      | 7041 ||| DROPPING +6 ring of dexterity.
  7042 | D:9      | 7042 ||| READING scroll labelled VUNU REPAIDA.
  7130 | D:10     | Entered Level 10 of the Dungeon
  7131 | D:10     | Noticed a two-headed ogre
  7132 | D:10     | 7132 ||| INVOKING Heroism.
  7140 | D:10     | Killed a two-headed ogre
  7141 | D:10     | Reached skill level 9 in Fighting
  7242 | D:10     | 7242 ||| INVOKING Heroism.
  7249 | D:10     | Reached XP level 11. HP: 71/71 MP: 11/14
  7270 | D:10     | Noticed a two-headed ogre
  7271 | D:10     | 7271 ||| INVOKING Heroism.
  7278 | D:10     | Killed a two-headed ogre
  7278 | D:10     | Reached *** piety under Okawaru
  7307 | D:10     | 7307 ||| Stepping ~*~*~tactically~*~*~ (hiding).
  7308 | D:10     | 7308 ||| Stepping ~*~*~tactically~*~*~ (hiding).
  7374 | D:10     | 7374 ||| INVOKING Heroism.
  7398 | D:10     | 7398 ||| INVOKING Heroism.
  7411 | D:10     | HP: 17/71 [orc warrior/+0 halberd (4)]
  7412 | D:10     | 7412 ||| READING scroll of teleportation.
  7413 | D:10     | 7413 ||| DRINKING potion of heal wounds.
  7420 | D:10     | 7420 ||| Stepping ~*~*~tactically~*~*~ (hiding).
  7505 | D:10     | 7505 ||| Stepping ~*~*~tactically~*~*~ (stealth).
  7507 | D:10     | 7507 ||| Stepping ~*~*~tactically~*~*~ (hiding).
  7515 | D:10     | 7515 ||| DRINKING 2 potions of curing.
  7515 | D:10     | 7515 ||| (to cure confusion)
  7568 | D:10     | 7568 ||| INVOKING Heroism.
  7599 | D:10     | Reached skill level 12 in Axes
  7714 | D:10     | 7714 ||| INVOKING Heroism.
  7816 | D:10     | 7816 ||| Stepping ~*~*~tactically~*~*~ (hiding).
  7828 | D:10     | 7828 ||| INVOKING Heroism.
  7867 | D:10     | 7867 ||| FLEEEEING.
  7868 | D:10     | 7868 ||| FLEEEEING.
  7869 | D:10     | 7869 ||| FLEEEEING.
  7870 | D:10     | 7870 ||| FLEEEEING.
  7871 | D:10     | 7871 ||| FLEEEEING.
  7872 | D:10     | 7872 ||| FLEEEEING.
  7873 | D:10     | 7873 ||| FLEEEEING.
  7874 | D:10     | 7874 ||| FLEEEEING.
  7875 | D:10     | 7875 ||| INVOKING Heroism.
  7919 | D:10     | 7919 ||| Stepping ~*~*~tactically~*~*~ (stealth).
  7934 | D:10     | 7934 ||| DROPPING +0 flail.
  7992 | D:10     | 7992 ||| Stepping ~*~*~tactically~*~*~ (stealth).
  8007 | D:10     | 8007 ||| FLEEEEING.
  8008 | D:10     | 8008 ||| INVOKING Heroism.
  8021 | D:10     | Reached skill level 6 in Shields
  8156 | D:10     | 8156 ||| Stepping ~*~*~tactically~*~*~ (stealth).
  8233 | D:10     | 8233 ||| INVOKING Heroism.
  8241 | D:10     | Received a gift from Okawaru
  8261 | D:10     | Noticed Psyche
  8262 | D:10     | 8262 ||| FLEEEEING.
  8265 | D:10     | 8265 ||| FLEEEEING.
  8266 | D:10     | 8266 ||| FLEEEEING.
  8267 | D:10     | 8267 ||| FLEEEEING.
  8268 | D:10     | 8268 ||| FLEEEEING.
  8279 | D:10     | 8279 ||| FLEEEEING.
  8280 | D:10     | 8280 ||| FLEEEEING.
  8281 | D:10     | 8281 ||| FLEEEEING.
  8282 | D:10     | 8282 ||| FLEEEEING.
  8283 | D:10     | 8283 ||| FLEEEEING.
  8284 | D:10     | 8284 ||| FLEEEEING.
  8285 | D:10     | 8285 ||| FLEEEEING.
  8291 | D:10     | 8291 ||| FLEEEEING.
  8304 | D:10     | 8304 ||| FLEEEEING.
  8305 | D:10     | 8305 ||| FLEEEEING.
  8307 | D:10     | 8307 ||| FLEEEEING.
  8308 | D:10     | 8308 ||| FLEEEEING.
  8309 | D:10     | 8309 ||| FLEEEEING.
  8310 | D:10     | 8310 ||| FLEEEEING.
  8311 | D:10     | 8311 ||| FLEEEEING.
  8312 | D:10     | 8312 ||| STAIRDANCE
  8327 | D:10     | 8327 ||| INVOKING Heroism.
  8336 | Abyss:1  | Cast into level 1 of the Abyss (Psyche)
  8378 | Abyss:1  | Found a corrupted altar of Lugonu.
  8394 | Abyss:1  | Noticed a tentacled starspawn
  8401 | Abyss:1  | 8401 ||| INVOKING Heroism.
  8401 | Abyss:1  | Gained mutation: You are clumsy. (Dex -2) [a neqoxec]
  8405 | Abyss:1  | Killed a tentacled starspawn
  8406 | Abyss:1  | Reached skill level 3 in Throwing
  8467 | Abyss:1  | 8467 ||| Stepping ~*~*~tactically~*~*~ (stealth).
  8475 | Abyss:1  | 8475 ||| Stepping ~*~*~tactically~*~*~ (stealth).
  8484 | Abyss:1  | Found a corrupted altar of Lugonu.
  8501 | Abyss:1  | Found a corrupted altar of Lugonu.
  8542 | Abyss:1  | 8542 ||| Stepping ~*~*~tactically~*~*~ (stealth).
  8556 | Abyss:1  | 8556 ||| INVOKING Heroism.
  8559 | Abyss:1  | Received a gift from Okawaru
  8585 | Abyss:1  | 8585 ||| Stepping ~*~*~tactically~*~*~ (stealth).
  8586 | Abyss:1  | 8586 ||| Stepping ~*~*~tactically~*~*~ (stealth).
  8589 | Abyss:1  | 8589 ||| Stepping ~*~*~tactically~*~*~ (stealth).
  8590 | Abyss:1  | 8590 ||| Stepping ~*~*~tactically~*~*~ (stealth).
  8596 | Abyss:1  | 8596 ||| Stepping ~*~*~tactically~*~*~ (stealth).
  8609 | Abyss:1  | 8609 ||| Stepping ~*~*~tactically~*~*~ (stealth).
  8681 | Abyss:1  | Reached XP level 12. HP: 61/77 MP: 15/15
  8713 | Abyss:1  | Gained mutation: Potions are less effective at restoring
                  | your health. [a neqoxec]
  8721 | Abyss:1  | Noticed a purple draconian shifter
  8729 | Abyss:1  | Reached **** piety under Okawaru
  8730 | Abyss:1  | 8730 ||| INVOKING Heroism.
  8739 | Abyss:1  | Noticed a tentacled starspawn
  8742 | Abyss:1  | HP: 5/77 [purple draconian shifter/bolt of dispelling
                  | energy (27)]
  8743 | Abyss:1  | 8743 ||| READING 3 scrolls of teleportation.
  8750 | Abyss:1  | Mangled by a tentacled starspawn

Levels and vault maps discovered:
D:1:      dpeg_arrival_simpleton_c, layout_rooms
D:2:      layout_loops_corners, kennysheep_big_empty_room, uniq_sigmund
D:3:      minmay_recursive_quarters, layout_loops_ring,
          nicolae_overflow_two_pavilions, shapermc_ecumenical_altar_pompeii,
          kennysheep_generic_room_9
D:4:      layout_rooms, mainiacjoe_overflow_24_doors, old_standard_altar,
          nicolae_overflow_crystal_walls, xom_butterflies, serial_shops, shop,
          serial_bayou_crossing
D:5:      layout_cave_pools, okawaru_metal_pillars_1_2, serial_shops,
          nicolae_shop_tiny_waterfront
D:6:      layout_rooms
D:7:      layout_rooms, grunt_dithmenos_shadows, kennysheep_mini_moat,
          minmay_temple_entry_gardened_gates, uniq_crazy_yiuf_cottage
D:8:      layout_rooms, gammafunk_ghost_spectres
D:9:      layout_roguey, nicolae_hepliaklqana_hazy_memory,
          gammafunk_temple_overflow_statue, nrook_mini_backslash,
          kennysheep_donut, wad_floor_pattern_2, uniq_prince_ribbit1
D:10:     minmay_imperfect_grid, layout_basic, uniq_psyche
Abyss:1:  base:
D:2

Skill      XL: |  1  2  3  4  5  6  7  8  9 10 11 |
---------------+----------------------------------+-----
Axes           | 2 3 5 7 9 10 11 12 | 12.5
Fighting       | 4 5 6 7 9 10 | 10.0
Dodging        | 1 2 |  2.5
Armour         | 4 5 6 7 |  7.8
Shields        | 4 5 6 |  6.2
Invocations    | 4 |  4.3
Throwing       | 1 3 |  3.9

Action                     |  1- 3 |  4- 6 |  7- 9 | 10-12 || total
---------------------------+-------+-------+-------+-------++-------
  Melee: War axe           |    90 |   103 |   319 |   519 ||  1031
  Throw: Boomerang         |       |       |       |    42 ||    42
 Invoke: Heroism           |       |       |     7 |    20 ||    27
    Use: Scroll            |     3 |     3 |    10 |     6 ||    22
         Potion            |       |     1 |     2 |     5 ||     8
   Stab: Distracted        |       |       |       |     1 ||     1
 Armour: Scale mail        |    53 |    42 |       |       ||    95
         Chain mail        |       |    11 |    82 |       ||    93
         Plate armour      |       |       |    71 |   303 ||   374
  Dodge: Dodged            |    55 |    87 |   203 |   281 ||   626
  Block: Buckler           |    18 |    24 |    61 |   136 ||   239

Table legend:
 A = Non-vault XP
 B = Vault XP
 C = Vault XP percentage of total XP
 D = Non-vault monster count
 E = Vault monster count
 F = Vault count percentage of total count
                 A         B        C        D         E       F
            +---------+---------+-------+---------+---------+-------
      Total |   13791 |    5812 |  29.6 |     214 |      40 |  15.7
            +---------+---------+-------+---------+---------+-------
        D:1 |      64 |       0 |   0.0 |      28 |       0 |   0.0
        D:2 |      50 |     226 |  81.9 |      19 |       1 |   5.0
        D:3 |      17 |     147 |  89.6 |       9 |      10 |  52.6
        D:4 |     336 |       0 |   0.0 |      15 |       0 |   0.0
        D:5 |     796 |       0 |   0.0 |      21 |       0 |   0.0
        D:6 |     451 |       0 |   0.0 |      10 |       0 |   0.0
        D:7 |    2210 |     103 |   4.5 |      22 |       1 |   4.3
        D:8 |    1443 |       0 |   0.0 |      24 |       0 |   0.0
        D:9 |    2142 |     255 |  10.6 |      28 |       1 |   3.4
       D:10 |    2340 |    5081 |  68.5 |      22 |      27 |  55.1
    Abyss:1 |    3942 |       0 |   0.0 |      16 |       0 |   0.0
            +---------+---------+-------+---------+---------+-------
